 Dungeon Sprint DCSS version 0.13.2 (webtiles) character file.

112 sanboga the Skirmisher (level 4, 0/41 HPs)
             Began as a Minotaur Fighter on Mar 3, 2017.
             Slain by a water elemental (8 damage)
             ... in the Dungeon (Sprint III: "The Ten Rune Challenge").
             The game lasted 00:02:42 (408 turns).

sanboga the Skirmisher (Minotaur Fighter)            Turns: 408, Time: 00:02:42

HP   0/41        AC 10     Str 20      XL: 4   Next:  8%
MP   1/1         EV  9     Int  5      God:
Gold 39          SH  0     Dex 11      Spells:  0 memorised,  3 levels left

Res.Fire  : . . .   See Invis. : .   l - +3 quarterstaff (chaos)
Res.Cold  : . . .   Warding    : .   b - +0 scale mail
Life Prot.: . . .   Conserve   : .   (no shield)
Res.Poison: .       Res.Corr.  : .   (helmet restricted)
Res.Elec. : .       Clarity    : .   m - +2 cloak {MR+}
Sust.Abil.: . .     Spirit.Shd : .   (no gloves)
Res.Mut.  : .       Prev.Telep.: +   (no boots)
Res.Rott. : .       Flight     : .   (no amulet)
Saprovore : . . .                    (no ring)
                                     (no ring)

@: somewhat resistant to hostile enchantments, extremely unstealthy
A: retaliatory headbutt, horns 2
a: no special abilities


You were in the Dungeon.
You were not hungry.

You visited 1 branch You collected 19 gold pieces.

Inventory:

Hand weapons
 a - a +0,+0 hand axe {=f}
 l - a +3,+3 quarterstaff of chaos (weapon)
Armour
 b - a +0 scale mail (worn)
 m - a +2 cloak of magic resistance (worn)
Comestibles
 d - 2 bread rations
 r - a meat ration
Scrolls
 j - a scroll of blinking
 p - a scroll of identify
 q - 3 scrolls of remove curse
Potions
 e - 2 potions of curing
 f - 3 potions of heal wounds
 g - a potion of speed
 h - 2 potions of magic
 i - a potion of berserk rage
 s - 3 potions of cure mutation
 t - 2 potions of flight


   Skills:
 + Level 6.3 Fighting
 + Level 3.8 Axes
 + Level 5.9 Armour
 + Level 2.1 Dodging
   Level 6.1 Shields


You had 3 spell levels left.
You didn't know any spells.

Dungeon Overview and Level Annotations

Branches:
Dungeon (1/1)

Altars:


Innate Abilities, Weirdness & Mutations

You reflexively headbutt those who attack you in melee.
You have a pair of horns on your head.


Message History

You open the door.
A water elemental comes into view.
As you read the scroll of holy word, it crumbles to dust.
You speak a Word of immense power!
You hit the water elemental.
The water elemental is moving more slowly.
You headbutt the water elemental!
The water elemental is moderately damaged.
The water elemental hits you!
Your magical contamination has completely faded away.
You hit the water elemental.
The water elemental is heavily damaged.
The water elemental hits you!
The water elemental engulfs you in water!
You hit the water elemental.
The water elemental is severely damaged.
* * * LOW HITPOINT WARNING * * *
Your lungs strain for air!
The water elemental misses you. The water elemental hits you!
You die...

############# ####
<.#.!'....♣♣♣♣♣♣.#
<.#..#.....♣♣♣♣♣.#
#'####....♣♣♣♣♣..#
.....#....≈.♣♣♣..# #+#+#
.....#...≈≈♣..♣♣.#.......
.....#..≈≈≈≈♣♣♣.@E.⌠.....
####'#..≈≈≈≈≈≈.♣.#...####
...%)#.≈≈≈≈≈≈....# ⌠.#
.....#.≈≈≈≈≈.....# .#
.....#.≈≈≈.......# #
'#####...........#
....[............#
##################


You could see a water elemental (petrifying).

Vanquished Creatures
  Crazy Yiuf (D)
  Jessica (D)
  An elf (D)
  A giant mite (D)
  2 oozes (D)
6 creatures vanquished.

Vanquished Creatures (others)
  2 draconian scorchers (D)
  2 plants (D)
4 creatures vanquished.

Grand Total: 10 creatures vanquished

Notes
Turn   | Place    | Note
--------------------------------------------------------------
     0 | D        | sanboga, the Minotaur Fighter, began the quest for the Orb.
     0 | D        | Reached XP level 1. HP: 19/19 MP: 0/0
     8 | D        | Reached skill level 4 in Fighting
   104 | D        | Noticed Jessica
   108 | D        | Killed Jessica
   108 | D        | Reached skill level 5 in Fighting
   108 | D        | Reached skill level 5 in Shields
   108 | D        | Reached XP level 2. HP: 17/27 MP: 0/0
   110 | D        | Reached skill level 5 in Armour
   110 | D        | Reached XP level 3. HP: 20/33 MP: 1/1
   230 | D        | Killed a white draconian scorcher
   260 | D        | Killed a white draconian scorcher
   274 | D        | Reached skill level 1 in Dodging
   312 | D        | Noticed Crazy Yiuf
   329 | D        | Paralysed by Crazy Yiuf for 5 turns
   334 | D        | Killed Crazy Yiuf
   334 | D        | Reached skill level 6 in Fighting
   334 | D        | Reached XP level 4. HP: 37/41 MP: 1/1
   404 | D        | Noticed a water elemental
   408 | D        | Slain by a water elemental

Action                   |  1- 3 |  4- 6 || total
-------------------------+-------+-------++-------
Melee: Hand axe          |    37 |       ||    37
       Long sword        |    12 |       ||    12
       Quarterstaff      |       |     3 ||     3
  Use: Potion            |     1 |       ||     1
       Scroll            |       |     4 ||     4
